 Dungeon Crawl Stone Soup version 0.18.1-50-g88ac8fd (webtiles) character file.

2870 RudyRod the Covert (level 9, -13/81 HPs)
             Began as a Naga Fighter on Oct 11, 2016.
             Was an Initiate of the Shining One.
             Mangled by an orc warrior
             ... wielding a +0 halberd
              (24 damage)
             ... on level 7 of the Dungeon.
             The game lasted 00:44:24 (10221 turns).

RudyRod the Covert (Naga Fighter)                  Turns: 10221, Time: 00:44:25

Health: -13/81     AC: 10    Str: 17 (20) XL:     9   Next: 76%
Magic:  9/9        EV:  8    Int:  8 (9)  God:    the Shining One [......]
Gold:   211        SH: 11    Dex:  9 (12) Spells: 0 memorised, 8 levels left

rFire  + . .     SeeInvis +     a - +1 long sword
rCold  . . .     Gourm    .     k - +2 ring mail {rF+}
rNeg   . . .     Faith    .     c - +2 shield
rPois  +         Spirit   .     l - +0 helmet
rElec  .         Dismiss  .     (no cloak)
rCorr  +         Reflect  .     (no gloves)
SustAt .         Harm     .     (no barding)
MR     +....                    (no amulet)
Stlth  ++........               (no ring)
                                i - ring of resist corrosion

@: glowing, very slow, somewhat resistant to hostile enchantments, unstealthy
A: see invisible, deformed body, poison resistance, slowness 2, slow metabolism
1, spit poison 2, AC +3
a: Spit Poison, Renounce Religion


You were on level 7 of the Dungeon.
You worshipped the Shining One.
The Shining One was noncommittal.
You were not hungry.

You visited 2 branches of the dungeon, and saw 8 of its levels.

You collected 287 gold pieces.
You spent 76 gold pieces at shops.

Inventory:

Hand Weapons
 a - a +1 long sword (weapon)
 g - a +0 antimagic spear
 v - a +0 scimitar
Armour
 b - a +0 scale mail
 c - a +2 shield (worn)
 k - a +2 ring mail of fire resistance (worn)
 l - a +0 helmet (worn)
Jewellery
 i - a ring of resist corrosion (left hand)
Wands
 p - a wand of slowing (23/48)
 x - a wand of polymorph (8/24)
 y - a wand of random effects (24/48)
Scrolls
 h - a scroll of enchant armour
 j - 5 scrolls of identify
 o - 2 scrolls of blinking {unknown}
 r - 5 scrolls of remove curse
 s - 2 scrolls of amnesia
 u - a scroll of teleportation
Potions
 e - a potion of invisibility
 z - 3 potions of brilliance
 A - a potion of agility {unknown}
 C - a potion of curing {unknown}
Books
 t - an Akashic Record

   Spells                             Type                      Level
   a - Dispersal                      Translocation                6
   b - Malign Gateway                 Summoning/Translocation      7
   c - Disjunction                    Translocation                8
   d - Controlled Blink               Translocation                8
 E - a book of Clouds

   Spells                             Type                      Level
   a - Mephitic Cloud                 Conjuration/Poison/Air       3
   b - Conjure Flame                  Conjuration/Fire             3
   c - Poisonous Cloud                Conjuration/Poison/Air       6
   d - Freezing Cloud                 Conjuration/Ice/Air          6
   e - Ring of Flames                 Charms/Fire                  7
Comestibles
 f - a bread ration
 m - 2 beef jerkies
 B - a meat ration
 D - 4 fruits
 F - 4 chunks of flesh


   Skills:
 + Level 5.3 Fighting
 + Level 5.0 Long Blades
 + Level 5.7 Armour
 + Level 4.1 Dodging
 * Level 8.9 Stealth
 + Level 5.3 Shields


You had 8 spell levels left.
You didn't know any spells.

Dungeon Overview and Level Annotations

Branches:
Dungeon (7/15)             Temple (1/1) D:4

Altars:
Ashenzari
Dithmenos
Elyvilon
Fedhas
Gozag
Kikubaaqudgha
Makhleb
Nemelex Xobeh
Okawaru
Pakellas
Qazlal
Ru
Trog
Vehumet
Xom
The Shining One

Shops:
D:6 [

Annotations:
D:7 lorenzova's ghost, novice DDFi


Innate Abilities, Weirdness & Mutations

You cannot wear boots.
Your serpentine skin is tough (AC +3).
You have supernaturally acute eyesight.
Armour fits poorly on your strangely shaped body.
Your system is resistant to poisons.
You cover ground very slowly.
You have a slow metabolism.
You can spit poison.


Message History

F - 4 chunks of flesh (gained 2)
You see here a giant frog skeleton.
Items here: ( )) [ an uncursed quarterstaff of speed; an uncursed hunting sling; 7 sling bullets a runed ring mail You see here a giant frog skeleton.
The orc warrior shouts!
The orc warrior throws a stone.
The stone closely misses you.
You start resting.
The orc warrior misses you. You block the orc warrior's attack.
You hit the orc warrior.
The orc warrior is moderately wounded.
The orc warrior hits you with a halberd.
* * * LOW HITPOINT WARNING * * *
You hit the orc warrior but do no damage.
The orc warrior is lightly wounded.
You hit the orc warrior but do no damage.
The orc warrior is lightly wounded.
The orc warrior hits you with a halberd!!
You die...

..........##....)..#
.##
..........####.....#
##
#.......####.(...#
#.........@(..####
#####o######### #.#
####### #.#
#####.(...#
#.####o..o...#
#().o..###@#.....
######## #.# .## #.#
#.. ####


You could see an orc warrior and an orc priest.

Vanquished Creatures
  The ghost of attackplan the Chopper, a novice HOFi (D:5)
  Joseph (D:7)
  Eustachio (D:5)
  Menkaure (D:6)
  Duvessa (D:6)
  A sky beast (D:6)
  A phantom (D:5)
  An ogre (D:4)
  2 giant frogs
  A scorpion (D:4)
  Dowan (D:6)
  2 wights (D:7)
  2 howler monkeys
  3 crimson imps
  A giant frog zombie (D:5)
  7 hounds
  An orc priest (D:6)
  A jelly (D:5)
  A centaur skeleton (D:4)
  An iguana (D:4)
  4 orc wizards
  9 worker ants
  3 hound skeletons (D:5)
  4 gnolls (D:3)
  9 adders
  A shadow imp (D:4)
  3 oozes
  3 worms
  2 dart slugs (D:1)
  7 giant geckos
  20 orcs
  3 giant cockroaches
  8 hobgoblins
  11 jackals
  9 kobolds
  3 quokkas
  A ball python (D:3)
  4 bats
  A giant gecko skeleton (D:4)
  6 giant newts
  6 goblins
  A quokka skeleton (D:7)
  14 rats
163 creatures vanquished.

Notes
Turn   | Place    | Note
--------------------------------------------------------------
     0 | D:1      | RudyRod the Naga Fighter began the quest for the Orb.
     0 | D:1      | Reached XP level 1. HP: 21/21 MP: 1/1
   186 | D:1      | Reached XP level 2. HP: 24/28 MP: 2/2
   767 | D:1      | Reached skill level 1 in Stealth
   804 | D:1      | Reached XP level 3. HP: 30/34 MP: 3/3
   916 | D:1      | You fall through a shaft!
  1473 | D:2      | Found an ancient bone altar of Kikubaaqudgha.
  1667 | D:2      | Reached XP level 4. HP: 42/42 MP: 4/4
  2085 | D:2      | Found a burning altar of Makhleb.
  2099 | D:2      | Reached skill level 1 in Dodging
  2099 | D:2      | Reached skill level 2 in Stealth
  2557 | D:3      | Reached XP level 5. HP: 45/49 MP: 5/5
  2942 | D:3      | Reached skill level 3 in Stealth
  3225 | D:3      | Found a stormy altar of Qazlal.
  3244 | D:3      | Reached XP level 6. HP: 57/57 MP: 6/6
  4021 | D:4      | Found a staircase to the Ecumenical Temple.
  4166 | Temple   | Entered the Ecumenical Temple
  4521 | D:4      | Reached skill level 4 in Stealth
  4521 | D:4      | Reached XP level 7. HP: 62/64 MP: 7/7
  5169 | D:5      | Entered Level 5 of the Dungeon
  5202 | D:5      | You fall through a shaft for 2 floors!
  5212 | D:7      | Noticed Joseph
  5888 | D:6      | Reached skill level 5 in Stealth
  5998 | D:5      | Found a glowing golden altar of the Shining One.
  6073 | D:5      | Found a shimmering altar of Xom.
  6075 | D:5      | Found a shattered altar of Ashenzari.
  6078 | D:5      | Became a worshipper of the Shining One
  6141 | D:4      | Reached XP level 8. HP: 27/72 MP: 8/8
  6416 | D:5      | Noticed Eustachio
  6435 | D:5      | Killed Eustachio
  6435 | D:5      | Reached skill level 6 in Stealth
  6990 | D:5      | Noticed attackplan's ghost (novice HOFi)
  6990 | D:5      | Reached * piety under the Shining One
  7297 | D:5      | Killed attackplan's ghost
  7297 | D:5      | Reached skill level 5 in Armour
  7297 | D:5      | Reached skill level 7 in Stealth
  7297 | D:5      | Reached XP level 9. HP: 35/80 MP: 9/9
  7739 | D:6      | Found Wuicziw's Antique Armour Boutique.
  7752 | D:6      | Noticed Dowan
  7753 | D:6      | Was placed under penance by the Shining One
  7754 | D:6      | Noticed Duvessa
  7762 | D:6      | Killed Dowan
  7779 | D:6      | Killed Duvessa
  7779 | D:6      | Reached skill level 5 in Fighting
  7983 | D:6      | Bought a glowing ring mail for 76 gold pieces
  8260 | D:6      | Noticed Menkaure
  8271 | D:6      | Killed Menkaure
  8271 | D:6      | Reached skill level 8 in Stealth
  8759 | D:7      | Noticed lorenzova's ghost (novice DDFi)
  9154 | D:7      | Was forgiven by the Shining One
  9154 | D:7      | Reached skill level 5 in Shields
 10162 | D:7      | HP: 6/121 [giant frog (2)]
 10163 | D:7      | Killed Joseph
 10163 | D:7      | Reached skill level 5 in Long Blades
 10221 | D:7      | Mangled by an orc warrior

Skill      XL: |  1  2  3  4  5  6  7  8  9 |
---------------+----------------------------+-----
Stealth        | 1 2 3 4 5 7 8 |  8.9
Dodging        | 1 2 3 4 |  4.1
Shields        | 3 4 5 |  5.3
Armour         | 3 4 5 |  5.7
Long Blades    | 3 4 5 |  5.0
Fighting       | 4 5 |  5.3

Action                   |  1- 3 |  4- 6 |  7- 9 || total
-------------------------+-------+-------+-------++-------
Melee: Long sword        |   113 |   241 |   445 ||   799
 Abil: Spit Poison       |       |     3 |     9 ||    12
  Use: Scroll            |       |     9 |     2 ||    11
       Potion            |       |       |     7 ||     7
 Stab: Sleeping          |       |     2 |     3 ||     5
  Eat: Chunk             |     2 |     7 |     4 ||    13
       Bread ration      |       |     1 |     2 ||     3
Armor: Scale mail        |    40 |   110 |   121 ||   271
       Ring mail         |       |       |    55 ||    55
       Skin              |       |       |     8 ||     8
Dodge: Dodged            |    18 |    58 |   149 ||   225
Block: Shield            |    57 |   132 |   299 ||   488
